 Dungeon Sprint DCSS version 0.31-a0-931-g7b59d4eb97 (webtiles) character file.

Game seed: 6804816929592315884

1753 rocky1 the Martial Artist (level 9, 0/105 HPs)
             Began as an Octopode Shapeshifter on Oct 20, 2023.
             Was an Initiate of Gozag.
             Succumbed to a water moccasin's poison
             ... in the Dungeon (Sprint VII: "The Pits").
             The game lasted 00:03:09 (662 turns).

rocky1 the Martial Artist (Octopode Shapeshifter)    Turns: 662, Time: 00:03:10

Health: 0/105      AC:  1    Str: 14    XL:     9   Next: 6%
Magic:  9/9        EV: 17    Int: 12    God:    Gozag
Gold:   1764       SH:  0    Dex: 15    Spells: 8/8 levels left

rFire   . .          .
                       - Unarmed
rCold   . . .        (no shield)
rNeg    . . .        (helmet currently unavailable)
rPois   .            (no amulet)
rElec   .            (no ring)
rCorr   .            (no ring)
SInv    .            (no ring)
Will    .....        (no ring) Stlth
                     (no ring)
HPRegen 0.37/turn    (no ring)
MPRegen 0.11/turn    (no ring)
                     (no ring)

%: no teleportation
@: berserking, lethally poisoned (0 -> -3), beast-form, gold aura, invisible,
very quick
A: beast (slay +4), almost no armour, amphibious, 8 rings, camouflage 1,
gelatinous body 1, (nimble swimmer 1), tentacles
a: Begin Untransformation, Renounce Religion, Potion Petition, Call Merchant,
Bribe Branch


You were in the Dungeon.
You worshipped Gozag.
Gozag was most pleased with you.
You were a hulking beast.
You visited 1 branch You collected 1764 gold pieces.

Inventory:

Talismans
 b - a beast talisman (active)
 c - a flux talisman
Wands
 f - a wand of polymorph (6)
Scrolls
 k - 2 scrolls of vulnerability
 l - 5 scrolls of amnesia
 m - a scroll of summoning
Potions
 a - a potion of lignification
 d - a potion of curing
 g - 4 potions of magic
 h - 2 potions of berserk rage
 j - a potion of invisibility


   Skills:
 * Level 10.1 Fighting
 + Level 8.8 Dodging
 * Level 12.5 Unarmed Combat
 + Level 8.4 Shapeshifting


You had 8 spell levels left.
You didn't know any spells.
Your spell library was empty.

Dungeon Overview and Level Annotations

Branches:
Dungeon (1/1)

Altars:
Ashenzari
Cheibriados
Dithmenos
Elyvilon
Fedhas
Gozag
Hepliaklqana
Kikubaaqudgha
Makhleb
Nemelex Xobeh
Okawaru
Qazlal
Ru
Sif Muna
Trog
Uskayaw
Vehumet
Wu Jian
Xom
Yredelemnul
Zin
The Shining One
Jiyva
Lugonu


Innate Abilities, Weirdness & Mutations

You are a hulking beast.
Your limbs bulge with bestial killing power. (Slay +4)
You cannot wear most types of armour.
You are amphibious.
You can wear up to eight rings at the same time.
Your skin changes colour to match your surroundings (Stealth+).
Your rubbery body absorbs attacks. (AC +1, EV +1)
((You are camouflaged when in or above water. (Stealth+)))
You have tentacles for arms and can constrict up to eight enemies at once.


Message History

Your Unarmed Combat skill increases to level 12!
You feel sick.
The spriggan rider hits you with a +0 spear!!
* * * LOW HITPOINT WARNING * * *
You see here 54 gold pieces.
You bludgeon the spriggan rider! You grab the spriggan rider.
You tentacle-slap the spriggan rider.
The spriggan rider is moderately wounded.
You constrict the spriggan rider.
* * * LOW HITPOINT WARNING * * *
You feel sick.
You batter the spriggan rider!!
The spriggan rider is heavily wounded.
You constrict the spriggan rider.
* * * LOW HITPOINT WARNING * * *
You feel sick. The spriggan rider closely misses you.
You batter the spriggan rider!!
You kill the hornet!
The spriggan falls from its now dead mount.
The spriggan is severely wounded.
You constrict the spriggan.
* * * LOW HITPOINT WARNING * * *
You feel sick.
The orc wizard is distracted by your dazzling golden aura.
The orc is distracted by your dazzling golden aura.
You barely miss the spriggan.
The orc wizard shouts!
The orc shouts!
You squeeze the spriggan.
You kill the spriggan!
Your Fighting skill increases to level 10!
You have reached level 9!
Your experience leads to an increase in your attributes!
Increase (S)trength, (I)ntelligence, or (D)exterity?
You feel agile. x2
Unknown command.
Unknown command.
Unknown command.
You are too berserk!
You die...
Your body crumbles into a pile of gold.

#.#[[###'####.......#
#)##'#.....##...<...#
#)#........##.......#
#)#........##.......#
#)###########.......#
#.......#..##########
#...#...#.## ###
#...#...#$# ...#
#.##.##.#h#o...#
#...#...#.oo...+
#...#...#o#o...#
#.....).'.#....#
########### ####


You could see an orc priest (unable to see you), an orc wizard (unable to see
you) and 2 orcs.

Vanquished Creatures
  Erolcha (D)
  A hornet (D)
  A spriggan (D)
  A water moccasin (D)
  2 floating eyes (D)
  An orc warrior (D)
  An ice beast (D)
  2 centaurs (D)
  2 jellies (D)
  An iron imp (D)
  Ijyb (D)
  4 orcs (D)
  3 endoplasms (D)
  A giant cockroach (D)
  4 jackals (D)
  A ball python (D)
  A frilled lizard (D)
  A rat (D)
29 creatures vanquished.

Notes
Turn   | Place    | Note
-------+----------+-------------------------------------------
     0 | D        | rocky1 the Octopode Shapeshifter began the quest for the
                  | Orb.
     0 | D        | Reached XP level 1. HP: 13/13 MP: 1/1
    11 | D        | Noticed a floating eye
    14 | D        | Killed a floating eye
    15 | D        | Reached skill level 6 in Unarmed Combat
    15 | D        | Reached XP level 2. HP: 22/22 MP: 2/2
    15 | D        | Reached XP level 3. HP: 27/27 MP: 3/3
    15 | D        | Reached XP level 4. HP: 33/33 MP: 4/4
    41 | D        | Found a bloodstained altar of Trog.
    41 | D        | Found a shimmering blue altar of Sif Muna.
    41 | D        | Found a viscous altar of Jiyva.
    41 | D        | Found a hazy altar of Hepliaklqana.
    41 | D        | Found an opulent altar of Gozag.
    42 | D        | Found a glowing golden altar of the Shining One.
    42 | D        | Found a glowing silver altar of Zin.
    42 | D        | Found a basalt altar of Yredelemnul.
    42 | D        | Found a shimmering altar of Xom.
    42 | D        | Found an ornate altar of the Wu Jian Council.
    42 | D        | Found a sacrificial altar of Ru.
    42 | D        | Found a stormy altar of Qazlal.
    42 | D        | Found an iron altar of Okawaru.
    42 | D        | Found a sparkling altar of Nemelex Xobeh.
    42 | D        | Found a burning altar of Makhleb.
    42 | D        | Found a blossoming altar of Fedhas.
    42 | D        | Found a white marble altar of Elyvilon.
    42 | D        | Found a shadowy altar of Dithmenos.
    42 | D        | Found a snail-covered altar of Cheibriados.
    45 | D        | Found a corrupted altar of Lugonu.
    45 | D        | Found a radiant altar of Vehumet.
    46 | D        | Found an ancient bone altar of Kikubaaqudgha.
    46 | D        | Found a hide-covered altar of Uskayaw.
    46 | D        | Found a broken altar of Ashenzari.
    49 | D        | Became a worshipper of Gozag Ym Sagoz the Greedy
    71 | D        | Noticed a floating eye
    74 | D        | Killed a floating eye
    75 | D        | Reached skill level 5 in Fighting
    75 | D        | Reached skill level 5 in Dodging
    75 | D        | Reached skill level 7 in Unarmed Combat
    75 | D        | Reached skill level 5 in Shapeshifting
    75 | D        | Reached XP level 5. HP: 39/39 MP: 5/5
    81 | D        | Noticed an ice beast
    94 | D        | Killed an ice beast
    95 | D        | Reached skill level 8 in Unarmed Combat
    95 | D        | Reached XP level 6. HP: 46/46 MP: 6/6
   147 | D        | Noticed an orc warrior
   163 | D        | Reached skill level 9 in Unarmed Combat
   164 | D        | Noticed Ijyb
   172 | D        | Killed an orc warrior
   173 | D        | Reached XP level 7. HP: 23/53 MP: 7/7
   175 | D        | Reached skill level 10 in Unarmed Combat
   221 | D        | Killed Ijyb
   386 | D        | Noticed Erolcha
   397 | D        | Killed Erolcha
   398 | D        | Reached skill level 11 in Unarmed Combat
   398 | D        | Reached XP level 8. HP: 36/63 MP: 8/8
   645 | D        | Noticed a spriggan rider
   657 | D        | Reached skill level 12 in Unarmed Combat
   657 | D        | HP: 3/94 [spriggan rider/+0 spear (27)]
   659 | D        | HP: 1/94 [poisoned by a water moccasin]
   660 | D        | Killed a hornet
   661 | D        | Killed a spriggan
   662 | D        | Reached skill level 10 in Fighting
   662 | D        | Reached XP level 9. HP: 1/70 MP: 9/9
   662 | D        | Succumbed to a water moccasin's poison

Illustrated notes

Levels and vault maps discovered:
D:        pitsprint [storerooms_1, entrance_room_1, metal_vault_4, armoury_3,
          mini_pit_1, grid_room_1, main_hall_1, silver_pit, the_coven_2,
          the_vestibule_1, steel_vault_3, golden_pit, hallway_of_sentries,
          crystal_vault_6, iron_vault_1, final_vault]

Skill      XL: |  1  2  3  4  5  6  7  8 |
---------------+-------------------------+-----
Fighting       | 3 5 6 9 10 | 10.1
Dodging        | 4 5 6 8 |  8.8
Unarmed Combat | 6 7 8 9 11 12 | 12.5
Shapeshifting  | 4 5 6 8 |  8.4

Action                     |  1- 3 |  4- 6 |  7- 9 || total
---------------------------+-------+-------+-------++-------
  Melee: Unarmed           |     2 |    35 |    41 ||    78
         Tentacles         |     1 |    13 |     6 ||    20
         Constrict         |     1 |     4 |     5 ||    10
         Punch             |       |     3 |     6 ||     9
    Use: Potion            |       |     1 |    13 ||    14
         Scroll            |       |       |     1 ||     1
   Stab: Sleeping          |       |     2 |     1 ||     3
 Armour: Skin              |       |    12 |    30 ||    42
  Dodge: Dodged            |       |    24 |    33 ||    57

Table legend: (Time is in decaauts)
 A = Elapsed time spent in this place.
 B = Non-inter-level travel time spent in this place.
 C = Inter-level travel time spent in this place.
 D = Time resting spent in this place.
 E = Time spent auto-exploring this place.
 F = Levels seen in this place.
 G = Mean time per level.
                   A        B        C        D        E       F      G
               +--------+--------+--------+--------+--------+-----+--------+
         Total |    628 |    607 |     21 |    341 |      0 |   1 |  628.0 |
       Dungeon |    628 |    607 |     21 |    341 |      0 |   1 |  628.0 |
               +--------+--------+--------+--------+--------+-----+--------+

Top non-repeatable levels by time:
       D: 628 daAuts
